Description

Starts with a hatch block, standard nexus before core into robotics, cuts the third for a nice timing push reminiscent of the Soul Trains of old. Has 2 adept in a warp prism harass built in, though hurricane does delay by a few seconds here and there, probably not able to save much more than 5-10 seconds total.

VOD

https://www.youtube.com/watch?v=BDruHDQsFLI

Build Order

Get SALT Encoding   

  14  0:17  Pylon (Chrono Boost)  Chrono Nexus, probe blocks
  16  0:39  Gateway  
  17  0:49  Assimilator  
  20  1:27  Nexus  
  20  1:37  Cybernetics Core  
  21  1:47  Assimilator  
  22  1:55  Pylon  
  23  2:14  Adept (Chrono Boost)  Chrono Adept, queue to other side, be safe
  23  2:15  Warp Gate  
  26  2:24  Robotics Facility  
  27  2:35  Adept (Chrono Boost)  Chrono Adept, queue to other adept
  36  3:10  Sentry  
  38  3:12  Warp Prism  When done, go with adepts to keep pressure
  42  3:20  Pylon  
  44  3:36  Gateway  (late in real game)
  44  3:39  Stalker  
  47  3:49  Immortal (Chrono Boost)  Keep chrono on Robo
  52  3:56  Pylon  Start cutting probes
  52  4:00  Gateway  
  52  4:06  Gateway, Assimilator  (Adepts land, micro break)
  56  4:25  Immortal  
  52  4:32  Gateway x2  
  56  4:30  Sentry x2  
  60  4:50  Pylon  
  60  4:52  Observer  
  61  5:03  Pylon  
  61  5:04  Pylon  
  61  5:12  Sentry x2, Stalker  
  67  5:13  Zealot  Move out at 5:17
  69  5:30  Action, Stalker x2  Warp in on creep, push third, Fill in Stalker-Zealot as needed.
Spawning Tool Build Advisor. Get it on Overwolf

Go to:

Details

  • Created by: rtr468
  • Published on: Apr 06, 2021
  • Modified on: Apr 06, 2021
  • Patch: 4.11.0
  • Difficulty: Medium
Show
View Real Time Build Order
Export as new Build Order

Comments (0)

There are no comments. Be the first!

Create an account to comment!